 Dungeon Sprint DCSS version 0.21.1-1-g345015f (webtiles) character file.

3145 Fang the Fighter (level 9, -1/123 HPs)
             Began as a Demonspawn Berserker on Apr 18, 2018.
             Was the Champion of Trog.
             Slain by Honniepp the pandemonium lord (15 damage)
             ... in the Dungeon (Sprint V: "Ziggurat Sprint").
             The game lasted 00:04:46 (1005 turns).

Fang the Fighter (Demonspawn Berserker)             Turns: 1005, Time: 00:04:46

Health: -1/123     AC: 28    Str: 29    XL:     9   Next: 62%
Magic:  0/9        EV:  8    Int:  9    God:    Trog [******]
Gold:   0          SH: 11    Dex: 13    Spells: 8/8 levels left

rFire    . . .     SeeInvis .   k - +5 war axe (flame)
rCold    . . .     Gourm    .   A - +0 shield {AC+3}
rNeg     . . .     Faith    .   C - +9 plate armour of Dithmenos's Anger {rPois Str+4}
rPois    +         Spirit   +   (helmet restricted)
rElec    .         Reflect  .   (no cloak)
rCorr    .         Harm     .   (no gloves)
MR       .....     NoTele   +   (no boots)
Stlth    ..........             (no amulet)
HPRegen  0.30/turn              G - ring of flight
MPRegen  0.22/turn              B - +5 ring of slaying

@: berserking (expiring), very quick
A: antennae 1, slimy green scales 2, magic shield, magic regeneration
a: Berserk, Trog's Hand, Brothers in Arms, Burn Spellbooks, Renounce Religion,
Evoke Flight


You were in the Dungeon.
You worshipped Trog.
Trog was exalted by your worship.
You were not hungry.

You visited 1 branch

Inventory:

Hand Weapons
 k - a +5 war axe of flaming (weapon)
 m - a +5 demon trident
Missiles
 l - 5 steel javelins (quivered)
Armour
 A - a +0 shield of protection (worn)
 C - the +9 plate armour of Dithmenos's Anger (worn) {rPois Str+4}
   (You found it in the Dungeon)

   It affects your strength (+4).
   It protects you from poison.
Jewellery
 B - a +5 ring of slaying (right hand)
 G - a ring of flight (left hand)
Wands
 x - a wand of disintegration (7)
 y - a wand of iceblast (7)
 z - a wand of acid (7)
Scrolls
 i - 4 scrolls of blinking
 n - 7 scrolls of fog
 o - 5 scrolls of identify
 p - 5 scrolls of remove curse
 q - 2 scrolls of fear
Potions
 d - 10 potions of curing
 e - 14 potions of heal wounds
 f - 6 potions of haste
 g - 7 potions of magic
 h - 3 potions of berserk rage
 r - 2 potions of brilliance
 s - 2 potions of invisibility
 t - 4 potions of resistance
 u - a potion of experience
 v - 5 potions of agility
 w - 5 potions of might
Miscellaneous
 b - a phial of floods
Comestibles
 c - 6 rations


   Skills:
 + Level 11.8 Fighting
 + Level 10.4(12.0) Axes
 + Level 10.2(11.9) Polearms
 + Level 7.1 Armour
 + Level 5.5 Dodging
 + Level 5.9 Shields


You had 8 spell levels left.
You didn't know any spells.

Dungeon Overview and Level Annotations

Branches:
Dungeon (1/1)

Altars:
Ashenzari
Cheibriados
Dithmenos
Elyvilon
Fedhas
Gozag
Hepliaklqana
Kikubaaqudgha
Makhleb
Nemelex Xobeh
Okawaru
Qazlal
Ru
Sif Muna
Trog
Uskayaw
Vehumet
Wu Jian
Xom
Yredelemnul
Zin
The Shining One
Beogh
Jiyva
Lugonu

Annotations:
D 1 transporter


Innate Abilities, Weirdness & Mutations

You have a pair of small antennae on your head.
You are mostly covered in slimy green scales. (AC +3)
When hurt, damage is shared between your health and your magic reserves.
You regenerate magic rapidly.


Message History

* * * LOW HITPOINT WARNING * * *
You block the chaos spawn's attack. You block the sixfirhy's attack.
The sun demon hits you but does no damage.
Honniepp hits you!
* * * LOW HITPOINT WARNING * * *
You closely miss the chaos spawn.
The chaos spawn is moderately wounded.
You closely miss the sun demon. You miss the sixfirhy.
You completely miss Xuutoahe. You hit Honniepp. You burn Honniepp.
Xuutoahe hits you!
* * * LOW HITPOINT WARNING * * *
The chaos spawn closely misses you.
You slash the chaos spawn! You burn the chaos spawn.
The chaos spawn is severely wounded.
Your plate armour of Dithmenos's Anger prevents you from hitting the sun demon.
You miss the sixfirhy. You slash Xuutoahe! You burn Xuutoahe.
You slash Honniepp! You burn Honniepp. Xuutoahe hits you.
* * * LOW HITPOINT WARNING * * *
The sun demon barely misses you. Honniepp hits you!
You die...

▓▓▓▓▓▓▓▓▓▓▓▓▓▓▓▓▓▓▓
▓...8©8...▓..8©8..▓
▓..".)[:..▓..[|[..▓
▓...[="...▓..).=..▓
▓.........▓.......▓
▓.........▓.......▓
▓....5....▓...%...▓
▓...3&&5..▓...)...▓
▓.▓..@45▓.▓.......▓
▓....©3...▓...©...▓
▓▓▓▓▓▓▓▓▓▓▓▓▓▓▓▓▓▓▓


You could see Honniepp, Xuutoahe, a sun demon, a sixfirhy, a chaos spawn, an
iron imp and 2 white imps.

Vanquished Creatures
  A soul eater (D)
  2 jumping spiders (D)
  3 merfolk (D)
  A large abomination (D)
  2 redbacks (D)
  A tarantella (D)
  A neqoxec (D)
  2 hell hounds (D)
  A small abomination (D)
  5 scorpions (D)
  A crimson imp (D)
  A quasit (D)
  An orc priest (D)
  2 iron imps (D)
  An orc wizard (D)
  3 shadow imps (D)
  A white imp (D)
  2 ufetubi (D)
  2 oozes (D)
  An adder skeleton (D)
  2 adder zombies (D)
  2 orcs (D)
  A ball python zombie (D)
39 creatures vanquished.

Notes
Turn   | Place    | Note
-------+----------+-------------------------------------------
     0 | D        | Found the +6 Majin-Bo {vamp, Archmagi MP+6 Int+6}
     0 | D        | Found the +7 great mace "Firestarter" {inner flame, rF++}
     0 | D        | Fang the Demonspawn Berserker began the quest for the Orb.
     0 | D        | Reached XP level 1. HP: 18/18 MP: 1/1
     3 | D        | Found a blossoming altar of Fedhas.
     5 | D        | Found a viscous altar of Jiyva.
     5 | D        | Found a hazy altar of Hepliaklqana.
     5 | D        | Found a transporter.
     5 | D        | Found an opulent altar of Gozag.
     5 | D        | Found an ancient bone altar of Kikubaaqudgha.
     5 | D        | Found a corrupted altar of Lugonu.
    13 | D        | Found a burning altar of Makhleb.
    14 | D        | Found a stormy altar of Qazlal.
    14 | D        | Found a sacrificial altar of Ru.
    14 | D        | Found an iron altar of Okawaru.
    14 | D        | Found a deep blue altar of Sif Muna.
    14 | D        | Found a sparkling altar of Nemelex Xobeh.
    14 | D        | Found a bloodstained altar of Trog.
    83 | D        | Entered arena 2.
    83 | D        | Found a transporter.
    90 | D        | Gained mutation: You are partially covered in slimy green scales. (AC +2) [demonic ancestry]
    90 | D        | Reached XP level 2. HP: 25/25 MP: 2/2
   105 | D        | Entered arena 3.
   105 | D        | Noticed a merfolk
   105 | D        | Noticed a merfolk
   105 | D        | Noticed a merfolk
   105 | D        | Found a transporter.
   112 | D        | Killed a merfolk
   112 | D        | Reached ** piety under Trog
   112 | D        | Reached skill level 7 in Fighting
   112 | D        | Reached XP level 3. HP: 36/36 MP: 3/3
   112 | D        | Gained mutation: When hurt, damage is shared between your health and your magic reserves. [demonic ancestry]
   112 | D        | Reached XP level 4. HP: 43/43 MP: 4/4
   112 | D        | Reached XP level 5. HP: 48/48 MP: 5/5
   119 | D        | Killed a merfolk
   119 | D        | Reached skill level 9 in Fighting
   119 | D        | Reached skill level 1 in Shields
   119 | D        | Gained mutation: You are mostly covered in slimy green scales. (AC +3) [demonic ancestry]
   119 | D        | Reached XP level 6. HP: 37/58 MP: 3/6
   125 | D        | Killed a merfolk
   125 | D        | Reached skill level 5 in Polearms
   125 | D        | Gained mutation: You regenerate magic rapidly. [demonic ancestry]
   125 | D        | Reached XP level 7. HP: 21/65 MP: 2/7
   331 | D        | Entered arena 4.
   331 | D        | Found a transporter.
   340 | D        | Reached *** piety under Trog
   341 | D        | Received a gift from Trog
   349 | D        | Reached skill level 5 in Dodging
   379 | D        | Entered arena 5.
   379 | D        | Noticed a jumping spider
   379 | D        | Noticed a tarantella
   379 | D        | Found a transporter.
   385 | D        | Killed a tarantella
   385 | D        | Reached skill level 10 in Fighting
   385 | D        | Reached skill level 5 in Armour
   388 | D        | Reached **** piety under Trog
   398 | D        | Killed a jumping spider
   398 | D        | Reached XP level 8. HP: 60/74 MP: 8/8
   414 | D        | Got the +9 plate armour of Dithmenos's Anger {rPois Str+4}
   486 | D        | Entered arena 6.
   486 | D        | Noticed a large abomination
   486 | D        | Found a transporter.
   493 | D        | Reached ***** piety under Trog
   495 | D        | Killed a large abomination
   561 | D        | Entered arena 7.
   561 | D        | Noticed a jumping spider
   562 | D        | Found a transporter.
   565 | D        | Killed a jumping spider
   565 | D        | Reached skill level 11 in Fighting
   579 | D        | Reached ****** piety under Trog
   579 | D        | Gained mutation: You have a pair of small antennae on your head. [demonic ancestry]
   579 | D        | Reached XP level 9. HP: 76/81 MP: 7/9
   602 | D        | Received a gift from Trog
   759 | D        | Entered arena 8.
   760 | D        | Found a transporter.
   770 | D        | Received a gift from Trog
   770 | D        | Reached skill level 10 in Polearms
   770 | D        | Reached skill level 5 in Shields
   815 | D        | Entered arena 9.
   815 | D        | Noticed a soul eater
   816 | D        | Found a transporter.
   826 | D        | Received a gift from Trog
   839 | D        | Killed a soul eater
   839 | D        | Reached skill level 10 in Axes
   849 | D        | Got the ring "Visy" {*Drain rPois rN++ MR+++ Str+3}
   994 | D        | Entered arena 10.
   994 | D        | Noticed a sixfirhy
   994 | D        | Noticed Xuutoahe the pandemonium lord
   994 | D        | Noticed Honniepp the pandemonium lord
   996 | D        | Found a transporter.
  1000 | D        | Noticed a sun demon
  1005 | D        | Slain by Honniepp the pandemonium lord

Skill      XL: |  1  2  3  4  5  6  7  8  9 |
---------------+----------------------------+-----
Axes           | 3 6 7 8 9 10 | 10.4
Armour         | 2 3 4 5 6 7 |  7.1
Dodging        | 2 3 4 5 |  5.5
Fighting       | 7 9 10 11 | 11.8
Polearms       | 3 4 5 7 9 10 | 10.2
Shields        | 1 3 4 5 |  5.9

Action                   |  1- 3 |  4- 6 |  7- 9 || total
-------------------------+-------+-------+-------++-------
Melee: Demon trident     |    11 |    13 |    58 ||    82
       War axe           |       |       |    40 ||    40
Invok: Berserk           |     1 |       |     3 ||     4
       Burn Spellbooks   |       |       |     2 ||     2
  Eat: Chunk             |       |       |     1 ||     1
       Ration            |       |       |     1 ||     1
Armor: Shadow dragon sca |     7 |     4 |    25 ||    36
       Plate armour      |       |       |    45 ||    45
Dodge: Dodged            |       |     1 |    40 ||    41
Block: Large shield      |    11 |     7 |       ||    18
       Shield            |       |       |    56 ||    56
